 Dungeon Crawl Stone Soup version 0.30-a0-557-ge2afbf3030 (webtiles) character file.

Game seed: 10673176540314324669

21 demibob the Slasher (level 2, -1/22 HPs)
             Began as a Demonspawn Gladiator on Dec 28, 2022.
             Succumbed to a kobold's poison
             ... on level 1 of the Dungeon.
             The game lasted 00:01:26 (521 turns).

demibob the Slasher (Demonspawn Gladiator)           Turns: 521, Time: 00:01:27

Health: -1/22      AC:  6    Str: 14    XL:     2   Next: 62%
Magic:  2/2        EV: 12    Int:  9    God:
Gold:   33         SH:  0    Dex: 14    Spells: 1/1 levels left

rFire   . . .      SeeInvis .    a - +0 long sword
rCold   . . .      Faith    .    (no shield)
rNeg    . . .      Spirit   .    b - +0 leather armour
rPois   .          Reflect  .    c - +0 helmet
rElec   .          Harm     .    (no cloak)
rCorr   .          Rampage  .    (no gloves)
Will    .....                    (no boots)
Stlth   +                        (no amulet)
HPRegen 0.23/turn                (no ring)
MPRegen 0.08/turn                (no ring)

@: lethally poisoned (-1 -> -25), flying
A: molten scales 1
a: no special abilities


You were on level 1 of the Dungeon.
You visited 1 branch of the dungeon, and saw 1 of its levels.

You collected 33 gold pieces.


Innate Abilities, Weirdness & Mutations

You are partially covered in molten scales. (AC +2)


   Skills:
 - Level 2.0 Fighting
 + Level 3.6 Long Blades
 - Level 1.7 Throwing
 - Level 2.6 Dodging


You had one spell level left.
You didn't know any spells.
Your spell library was empty.

Inventory:

Hand Weapons
 a - a +0 long sword (weapon)
Missiles
 d - 3 throwing nets (quivered) {=f}
 e - a javelin
Armour
 b - a +0 leather armour (worn)
 c - a +0 helmet (worn)
Scrolls
 g - a scroll of poison {unknown}
 i - a scroll of identify {unknown}
Potions
 f - a potion of degeneration {unknown}

Dungeon Overview and Level Annotations

Branches:
Dungeon (1/15)

Altars:

Shops:
D:1

= ### ### .... .. .....#.
####### ░...#.####.....#
░[.......#.....# .#
░........#.....# #.#
#K@..#.....### #.#
░.b.###........# #.# ..
░░...# #)#..##..# #.#
...░.... #.#..##..# #.#
...... #.#...#..####.#
#.#.######.#.#.#..#....#
###..........#...#..#.##..
.......#####........#.##.#
##.....####..#...###.##.#


You could see a bat and a kobold.


Message History

A bat comes into view.
The kobold hits you but does no damage.
You are poisoned.
The bat closely misses you.
You hit the kobold but do no damage.
You feel sick. The bat hits you but does no damage. x2
The kobold hits you but does no damage.
You are more poisoned.
The kobold barely misses you. The bat barely misses you.
You closely miss the kobold.
You feel very sick. The bat hits you but does no damage.
The kobold barely misses you.
Unknown command.
You miss the kobold.
You feel very sick. The bat hits you but does no damage.
The bat barely misses you. The kobold hits you but does no damage.
You are lethally poisoned!
You miss the kobold.
* * * LOW HITPOINT WARNING * * *
You feel very sick. The bat barely misses you.
The kobold hits you with a +0 short sword of venom.
* * * LOW HITPOINT WARNING * * *
You are more poisoned.
You are too injured to fight recklessly!
It was a potion of flight.
You feel very buoyant.
You fly up into the air.
You die...

Skill      XL: |  1 |
---------------+----+-----
Long Blades    | 3 |  3.6
Fighting       | |  2.0
Throwing       | |  1.7
Dodging        | |  2.6

Action                   || total
-------------------------++-------
Melee: Long sword        ||    58
  Use: Potion            ||     1
 Stab: Sleeping          ||     1
Armor: Leather armour    ||    22
Dodge: Dodged            ||    40

Levels and vault maps discovered:
D:1:      wander_arrival_chamber, layout_loops_cross, serial_shops,
          nicolae_shop_advertising_works [nicolae_subvault_shop_adworks],
          chequers_jeans

Notes
Turn   | Place    | Note
-------+----------+-------------------------------------------
     0 | D:1      | demibob the Demonspawn Gladiator began the quest for the
                  | Orb.
     0 | D:1      | Reached XP level 1. HP: 16/16 MP: 1/1
    96 | D:1      | Reached skill level 3 in Long Blades
   175 | D:1      | Gained mutation: You are partially covered in molten
                  | scales. (AC +2) [demonic ancestry]
   175 | D:1      | Reached XP level 2. HP: 19/22 MP: 2/2
   283 | D:1      | Found Luduixasm's Jewellery Shoppe.
   521 | D:1      | Succumbed to a kobold's poison

Vanquished Creatures
  A dart slug (D:1)
  2 ball pythons (D:1)
  2 bats (D:1)
  3 endoplasms (D:1)
  2 giant cockroaches (D:1)
  2 quokkas (D:1)
  4 frilled lizards (D:1)
  A kobold (D:1)
17 creatures vanquished.

Table legend: (Time is in decaauts)
 A = Elapsed time spent in this place.
 B = Non-inter-level travel time spent in this place.
 C = Inter-level travel time spent in this place.
 D = Time resting spent in this place.
 E = Time spent auto-exploring this place.
 F = Levels seen in this place.
 G = Mean time per level.
                   A        B        C        D        E       F      G
               +--------+--------+--------+--------+--------+-----+--------+
         Total |    534 |    534 |      0 |      0 |    402 |   1 |  534.0 |
       Dungeon |    534 |    534 |      0 |      0 |    402 |   1 |  534.0 |
               +--------+--------+--------+--------+--------+-----+--------+

Top non-repeatable levels by time:
     D:1: 534 daAuts

Table legend:
 A = Non-vault XP
 B = Vault XP
 C = Vault XP percentage of total XP
 D = Non-vault monster count
 E = Vault monster count
 F = Vault count percentage of total count
                 A         B        C        D         E       F
            +---------+---------+-------+---------+---------+-------
      Total |      30 |       0 |   0.0 |      17 |       0 |   0.0
            +---------+---------+-------+---------+---------+-------
        D:1 |      30 |       0 |   0.0 |      17 |       0 |   0.0
            +---------+---------+-------+---------+---------+-------
